 Dungeon Crawl Stone Soup version 0.31.0-12-g77e489cdc1 (webtiles) character file.

Game seed: 13174910010453553878

1012 Gadfly the Insei (level 8, -1/61 HPs)
             Began as a Demonspawn Monk on Feb 12, 2024.
             Incinerated by a bombardier beetle (4 damage)
             ... with a burning spray
             ... on level 5 of the Dungeon.
             The game lasted 00:06:22 (3793 turns).

Gadfly the Insei (Demonspawn Monk)                  Turns: 3793, Time: 00:06:22

Health: -1/61      AC:  7    Str: 20 (21) XL:     8   Next: 1%
Magic:  17/17      EV: 13    Int:  6 (8)  God:
Gold:   290        SH:  0    Dex: 14 (15) Spells: 7/7 levels left

rFire   . . .        b - +3 dagger (venom)
rCold   . . .        c - orb {light}
rNeg    . . .        r - +0 animal skin
rPois   .            m - +1 helmet
rElec   .            a - +0 cloak
rCorr   .            (no gloves)
SInv    .            i - +0 pair of boots
Will    +....        (no amulet)
Stlth   +            f - +6 ring of strength
HPRegen 0.30/turn    k - ring of Soshidee {MP+9 Slay+3}
MPRegen 0.15/turn

%: clarity
@: mighty, on fire, glowing
A: rugged brown scales 1, spiny 2, clarity, dopey 1, strong-willed 1
a: no special abilities


You were on level 5 of the Dungeon.
You visited 1 branch of the dungeon, and saw 5 of its levels.

You collected 290 gold pieces.

Inventory:

Hand Weapons
 b - a +3 dagger of venom (weapon)
 h - a +4 dagger of speed
Armour
 a - a +0 cloak (worn)
 c - an orb of light (worn)
 i - a +0 pair of boots (worn)
 m - a +1 helmet (worn)
 r - a +0 animal skin (worn)
Jewellery
 f - a +6 ring of strength (left hand)
 k - the ring of Soshidee (right hand) {MP+9 Slay+3}
   (You found it on level 2 of the Dungeon)

   [ring of magical power]

   Slay+3:    It affects your accuracy & damage with ranged weapons and melee
   (+3).
   MP+9:      It affects your magic capacity (+9).
Talismans
 e - a blade talisman
 j - a flux talisman
Wands
 p - a wand of flame (13) (quivered)
Scrolls
 d - a scroll of enchant armour {unknown}
 l - a scroll of identify
Potions
 g - 2 potions of mutation
 t - a potion of resistance {unknown}


   Skills:
 + Level 4.0 Fighting
 + Level 4.3 Dodging
 + Level 4.8 Unarmed Combat
 + Level 4.1 Evocations
 * Level 4.0 Shapeshifting


You had 7 spell levels left.
You didn't know any spells.
Your spell library contained the following spells:

 Spells                   Type           Power      Damage    Failure   Level
 Summon Small Mammal      Summ           0%         N/A       45%         1
 Call Canine Familiar     Summ           0%         N/A       83%         3
 Summon Blazeheart Golem  Fire/Summ      0%         N/A       99%         4


Dungeon Overview and Level Annotations

Branches:
Dungeon (5/15)
 Temple: D:4-7

Altars:
Ashenzari
Fedhas
Vehumet

Shops:
D:3 :


Innate Abilities, Weirdness & Mutations

You are partially covered in rugged brown scales. (AC +1, +3% HP)
You are mostly covered in sharp spines.
You possess an exceptional clarity of mind.
You are dopey. (Int -2)
You are strong-willed. (Will+)


Message History

You shake off some of the fire as you move.
The liquid fire burns you! The bombardier beetle misses you.
Things that are here:
a +0 club; a +0 ring mail You hit the bombardier beetle.
The bombardier beetle is poisoned.
The bombardier beetle is moderately wounded.
The liquid fire burns you!
An orc comes into view. It is wielding a +0 hand axe.
The orc shouts!
You hit the bombardier beetle.
The bombardier beetle looks as sick as possible!
The bombardier beetle is severely wounded.
The liquid fire burns you!
* * * LOW HITPOINT WARNING * * *
You hear a shout!
You kill the bombardier beetle!
You have reached level 8!
You feel stronger.
You hit the orc.
The orc is poisoned.
The orc is severely wounded.
The liquid fire burns you!
* * * LOW HITPOINT WARNING * * *
The orc is struck by your spines.
You kill the orc!
You hit the orc.
The orc is poisoned.
The orc is moderately wounded.
The liquid fire burns you!
* * * LOW HITPOINT WARNING * * *
The orc is struck by your spines. The orc misses you.
Unknown command.
You hit the orc.
You kill the orc!
The liquid fire burns you!
* * * LOW HITPOINT WARNING * * *
Unknown command.
It was a potion of might.
You feel very mighty all of a sudden. The liquid fire burns you!
You die...

#######
##################.$...#
..#..............#.....#
..#..............#.....#
..'..............#.....#
..#.............@)†....#
##################.....#
.[...# ......# .....#
.......# ...<.#
o.......# .....#
....###+## .....# .....
.....# ...... .....#


There were no monsters in sight!

Vanquished Creatures
  Grinder (D:3)
  A water moccasin (D:5)
  An ogre (D:5)
  3 bombardier beetles
  2 hounds
  A jelly (D:4)
  Crazy Yiuf (D:3)
  Jessica (D:3)
  Terence (D:2)
  Natasha (thrice) (D:3)
  3 iguanas
  Robin (D:3)
  8 adders
  A ribbon worm (D:3)
  A dart slug (D:4)
  4 orcs (D:5)
  7 endoplasms
  2 giant cockroaches
  8 hobgoblins
  17 jackals
  A quokka (D:3)
  13 ball pythons
  8 bats
  3 frilled lizards (D:3)
  13 goblins
  4 kobolds
  5 rats
114 creatures vanquished.

Notes
Turn   | Place    | Note
-------+----------+-------------------------------------------
     0 | D:1      | Gadfly the Demonspawn Monk began the quest for the Orb.
     0 | D:1      | Reached XP level 1. HP: 18/18 MP: 1/1
   439 | D:1      | Gained mutation: You are partially covered in sharp spines.
                  | [demonic ancestry]
   439 | D:1      | Reached XP level 2. HP: 16/24 MP: 2/2
   700 | D:2      | Reached skill level 1 in Evocations
   869 | D:2      | Reached skill level 1 in Shapeshifting
   892 | D:2      | Reached XP level 3. HP: 26/29 MP: 3/3
  1132 | D:2      | Noticed Terence
  1154 | D:2      | Killed Terence
  1258 | D:2      | Identified the ring of Soshidee {MP+9 Slay+3}
  1395 | D:2      | Gained mutation: You are dopey. (Int -2) [potion of
                  | mutation]
  1395 | D:2      | Gained mutation: You possess an exceptional clarity of
                  | mind. [potion of mutation]
  1395 | D:2      | Gained mutation: You are strong-willed. (Will+) [potion of
                  | mutation]
  1525 | D:3      | Reached XP level 4. HP: 34/35 MP: 4/4
  1615 | D:3      | Found a faded altar of an unknown god.
  1619 | D:3      | Found a blossoming altar of Fedhas.
  1643 | D:3      | Noticed Natasha
  1650 | D:3      | Killed Natasha
  1673 | D:3      | Noticed Grinder
  1677 | D:3      | Gained mutation: You are mostly covered in sharp spines.
                  | [demonic ancestry]
  1677 | D:3      | Reached XP level 5. HP: 41/41 MP: 5/5
  1677 | D:3      | Paralysed by Grinder for 2 turns
  1691 | D:3      | Paralysed by Grinder for 4 turns
  1706 | D:3      | Killed Grinder
  1707 | D:3      | Gained mutation: You are partially covered in rugged brown
                  | scales. (AC +1, +3% HP) [demonic ancestry]
  1707 | D:3      | Reached XP level 6. HP: 16/48 MP: 6/6
  1913 | D:3      | Noticed Robin
  2066 | D:3      | Noticed a walking crystal tome
  2069 | D:3      | Found Joxtuk's Book Shop.
  2071 | D:3      | Noticed a walking frostbound tome
  2080 | D:3      | Noticed Natasha
  2087 | D:3      | Killed Natasha
  2162 | D:3      | Found a runed translucent door.
  2163 | D:3      | Noticed Crazy Yiuf
  2176 | D:3      | Noticed Natasha
  2185 | D:3      | Killed Natasha
  2305 | D:3      | Noticed Jessica
  2312 | D:3      | Killed Jessica
  2459 | D:3      | Killed Robin
  2580 | D:3      | Killed Crazy Yiuf
  2581 | D:3      | Reached XP level 7. HP: 53/53 MP: 7/7
  2948 | D:4      | Found a broken altar of Ashenzari.
  2953 | D:4      | Found a radiant altar of Vehumet.
  3319 | D:5      | Entered Level 5 of the Dungeon
  3356 | D:5      | HP: 4/81 [poisoned by a water moccasin]
  3790 | D:5      | Reached XP level 8. HP: 15/61 MP: 8/8
  3792 | D:5      | HP: 2/61 [burnt (6)]
  3793 | D:5      | Incinerated by a bombardier beetle

Illustrated notes

Levels and vault maps discovered:
D:1:      dpeg_chamrin_arrival_tetris, layout_basic
D:2:      layout_basic, uniq_terence
D:3:      layout_basic, nicolae_overflow_ecumenical_swirl, serial_shops,
          nicolae_shop_mannequins, minivault_24, skrybe_limestone_x,
          hangedman_glass_teeth, uniq_natasha, uniq_jessica, uniq_grinder,
          uniq_robin, uniq_crazy_yiuf_cottage
D:4:      layout_rooms, jmf_multi_god_temple2
D:5:      nicolae_cairo_tiling_large_dashed, layout_gridville,
          nicolae_tso_besieged_by_evil, zin_purify, nicolae_shop_vocational

Skill      XL: |  1  2  3  4  5  6  7 |
---------------+----------------------+-----
Unarmed Combat | 3 4 |  4.8
Evocations     | 1 2 3 4 |  4.1
Shapeshifting  | 1 2 3 4 |  4.0
Dodging        | 3 4 |  4.3
Fighting       | 4 |  4.0

Action                     |  1- 3 |  4- 6 |  7- 9 || total
---------------------------+-------+-------+-------++-------
  Melee: Unarmed           |    45 |       |       ||    45
         Dagger            |    37 |    81 |    53 ||   171
    Use: Scroll            |     2 |       |     6 ||     8
         Potion            |     2 |       |     4 ||     6
 Armour: Robe              |    40 |    33 |       ||    73
         Animal skin       |       |       |    23 ||    23
         Skin              |       |       |     2 ||     2
  Dodge: Dodged            |    58 |    41 |    21 ||   120
